 Dungeon Crawl Stone Soup version 0.31-a0-744-gbc345e7fcb (webtiles) character file.

Game seed: 9899082829900124756

175 garrulousMonolith the Magician (level 5, 0/38 HPs)
             Began as a Djinni Fire Elementalist on Sept 13, 2023.
             Was an Initiate of Gozag.
             Slain by a scorpion (7 damage)
             ... on level 4 of the Dungeon.
             The game lasted 00:03:50 (2350 turns).

garrulousMonolith the Magician (DjFE)               Turns: 2350, Time: 00:03:51

Health: 0/38       AC:  3    Str:  7    XL:     5   Next: 85%
Gold:   133        EV: 12    Int: 18    God:    Gozag SH:  0 Dex: 14

rFire   + + .        d - +0 dagger
rCold   x . .        (no shield)
rNeg    . . .        h - +0 leather armour
rPois   ∞            (no helmet)
rElec   .            (no cloak)
rCorr   .            (no gloves)
SInv    .            (boots unavailable)
Will    .....        (no amulet)
Stlth   ++           (no ring)
HPRegen 0.26/turn    (no ring)
MPRegen 0.00/turn

%: infuse magic (-1 HP)
@: gold aura, flying
A: sickness immunity, fire resistance 2, cold vulnerability 1, float, innate
caster, HP casting, extra vitality 1
a: Renounce Religion, Potion Petition, Call Merchant, Bribe Branch


You were on level 4 of the Dungeon.
You worshipped Gozag.
Gozag was aware of your devotion.
You visited 1 branch of the dungeon, and saw 5 of its levels.

You collected 181 gold pieces.
You paid 48 gold pieces to Gozag.

Inventory:

Hand Weapons
 d - a +0 dagger (weapon)
 s - a +0 sling
Missiles
 m - 6 atropa-tipped darts
 r - a throwing net
Armour
 a - a +0 robe
 h - a +0 leather armour (worn)
Wands
 o - a wand of polymorph (10)
Scrolls
 b - a scroll of vulnerability {unknown}
 e - a scroll of poison {unknown}
 i - a scroll of immolation
 j - 2 scrolls of noise {unknown}
 k - 2 scrolls of identify
 l - a scroll of teleportation {unknown}
Potions
 c - a potion of brilliance
 f - a potion of enlightenment
 g - a potion of might {unknown}
 n - a potion of heal wounds {unknown}
 p - a potion of degeneration {unknown}
 q - a potion of curing {unknown}


   Skills:
 + Level 2.2 Fighting
 + Level 3.5 Dodging
 - Level 1.5 Stealth
 * Level 4.0 Spellcasting
 * Level 4.0 Conjurations
 * Level 4.0 Hexes
   Level 0.0 Charms
 * Level 4.0 Summonings
 * Level 4.0 Necromancy
 * Level 4.0 Translocations
 * Level 4.0 Transmutations
 * Level 4.0 Fire Magic
 * Level 4.0 Ice Magic
 * Level 4.0 Air Magic
 * Level 4.0 Earth Magic
 * Level 4.0 Poison Magic


You knew the following spells:

 Your Spells              Type           Power      Damage    Failure   Level
a - Foxfire               Conj/Fire      72%        2x1d7     4%          1
b - Scorch                Fire           36%        2d6       6%          2
c - Volatile Blastmotes   Fire/Tloc      36%        2d13      13%         3
d - Inner Flame           Hex/Fire       18%        N/A       13%         3
e - Flame Wave            Conj/Fire      18%        2d7       38%         4
f - Slow                  Hex            72%        N/A       4%          1
g - Jinxbite              Hex            36%        N/A       6%          2
Your spell library was empty.

Dungeon Overview and Level Annotations

Branches:
Dungeon (5/15)
 Temple: D:4-7

Altars:
Gozag
Nemelex Xobeh
Okawaru
Qazlal
Trog


Innate Abilities, Weirdness & Mutations

You are immune to sickness and miasma.
You are immune to poison.
Your flesh is very heat resistant. (rF++)
You are vulnerable to cold. (rC-)
You float through the air rather than walking.
You learn spells naturally, not from books.
Your magical power is your life essence.
You have superior vitality. (+4 MHP)


Message History

Your Transmutations skill increases to level 4!
Your Fire Magic skill increases to level 4!
Your Ice Magic skill increases to level 4!
Your Air Magic skill increases to level 4!
Your Earth Magic skill increases to level 4!
Your Poison Magic skill increases to level 4!
Unknown command.
Casting: Foxfire (safe; 4% risk of failure)
Confirm with . or Enter, or press ? or * to list all spells.
Flames lash the dart slug.
The dart slug is severely wounded.
The dart slug's fire resistance burns away.
The scorpion barely misses you. The scorpion stings you.
The scorpion barely misses you.
Casting: Scorch (safe; 6% risk of failure)
Confirm with . or Enter, or press ? or * to list all spells.
You conjure some foxfire!
The scorpion stings you!
The foxfire hits the scorpion.
The scorpion is lightly wounded.
The foxfire hits the scorpion.
The scorpion is moderately wounded.
The scorpion barely misses you.
Casting: Foxfire (safe; 4% risk of failure)
Confirm with . or Enter, or press ? or * to list all spells.
You conjure some foxfire!
The scorpion stings you.
The dart slug is no longer more vulnerable to fire.
The foxfire hits the scorpion.
The scorpion is moderately wounded.
The foxfire hits the scorpion but does no damage.
The scorpion is moderately wounded.
The scorpion stings you.
* * * LOW HITPOINT WARNING * * *
The scorpion barely misses you.
Casting: Foxfire (safe; 4% risk of failure)
Confirm with . or Enter, or press ? or * to list all spells.
You conjure some foxfire!
* * * LOW HITPOINT WARNING * * *
The scorpion stings you!
You die...
Your body crumbles into a pile of gold.

#.......###...##
##.#####........###
..#...:.#.........
#.#.###..#.....###
#.#.......#...##
#....##.#.#..##
#.##.##.#.#..#
#.#####.##.##.#.#..#
#....ws@v..##.#.#..#
....####.v.....#....#
. #########...##
#....## #######.....#
......##...##### .
#........... ..#
###....>....
#...##.....#####


You could see a scorpion (ally target) and a dart slug.

Vanquished Creatures
  A jelly (D:4)
  2 orc wizards
  3 adders
  A worm (D:2)
  5 orcs
  5 ball pythons
  4 endoplasms
  4 giant cockroaches
  8 goblins
  2 hobgoblins
  7 jackals
  A quokka (D:2)
  6 bats
  4 frilled lizards
  4 kobolds
  4 rats
61 creatures vanquished.

Vanquished Creatures (others)
  146 foxfires
146 creatures vanquished.

Grand Total: 207 creatures vanquished

Notes
Turn   | Place    | Note
-------+----------+-------------------------------------------
     0 | D:1      | garrulousMonolith the Djinni Fire Elementalist began the
                  | quest for the Orb.
     0 | D:1      | garrulousMonolith set off with the following spells
                  | memorised: Foxfire, Scorch, Volatile Blastmotes, Inner
                  | Flame, Flame Wave.
     0 | D:1      | Reached XP level 1. HP: 15/15 MP: 0/0
   156 | D:1      | Reached XP level 2. HP: 22/22 MP: 0/0
   333 | D:1      | Found a faded altar of an unknown god.
   623 | D:2      | Reached skill level 1 in Fighting
   623 | D:2      | Reached XP level 3. HP: 15/27 MP: 0/0
   623 | D:2      | Learned a level 1 spell: Slow
   973 | D:2      | Reached XP level 4. HP: 21/32 MP: 0/0
  2089 | D:3      | Found an opulent altar of Gozag.
  2091 | D:3      | Found a bloodstained altar of Trog.
  2092 | D:3      | Found a stormy altar of Qazlal.
  2092 | D:3      | Found a sparkling altar of Nemelex Xobeh.
  2092 | D:3      | Found an iron altar of Okawaru.
  2113 | D:3      | Became a worshipper of Gozag Ym Sagoz the Greedy
  2236 | D:3      | You are sucked into a shaft and drop 2 floors!
  2236 | D:5      | Entered Level 5 of the Dungeon
  2264 | D:5      | Reached XP level 5. HP: 24/38 MP: 0/0
  2264 | D:5      | Learned a level 2 spell: Jinxbite
  2350 | D:4      | Slain by a scorpion

Illustrated notes

Levels and vault maps discovered:
D:1:      heliophobic_arrival_henge, layout_basic,
          hellmonk_ecumenical_altar_run_dry
D:2:      layout_rooms, minmay_cut_off
D:3:      layout_loops_cross, grunt_temple_overflow_open,
          kennysheep_generic_room_15
D:4:      layout_loops_ring, minmay_temple_entry_mini_moons,
          gup_sewer_entry_pipe, grunt_decor_arrowhead
D:5:      layout_cave_pods, enter_ossuary_1, grunt_ministairs_11,
          uniq_crazy_yiuf_cottage

Skill      XL: |  1  2  3  4  5 |
---------------+----------------+-----
Spellcasting   | 4 |  4.0
Conjurations   | 4 |  4.0
Hexes          | 4 |  4.0
Summonings     | 4 |  4.0
Necromancy     | 4 |  4.0
Translocations | 4 |  4.0
Transmutations | 4 |  4.0
Fire Magic     | 4 |  4.0
Ice Magic      | 4 |  4.0
Air Magic      | 4 |  4.0
Earth Magic    | 4 |  4.0
Poison Magic   | 4 |  4.0
Fighting       | 1 2 |  2.2
Dodging        | 3 |  3.5
Stealth        | |  1.5

Action                     |  1- 3 |  4- 6 || total
---------------------------+-------+-------++-------
  Melee: Dagger            |       |     2 ||     2
   Cast: Foxfire           |    46 |    48 ||    94
         Scorch            |     6 |     7 ||    13
    Use: Scroll            |       |     2 ||     2
         Potion            |       |     2 ||     2
 Armour: Leather armour    |    10 |    44 ||    54
  Dodge: Dodged            |     7 |    39 ||    46

Table legend: (Time is in decaauts)
 A = Elapsed time spent in this place.
 B = Non-inter-level travel time spent in this place.
 C = Inter-level travel time spent in this place.
 D = Time resting spent in this place.
 E = Time spent auto-exploring this place.
 F = Levels seen in this place.
 G = Mean time per level.
                   A        B        C        D        E       F      G
               +--------+--------+--------+--------+--------+-----+--------+
         Total |   2336 |   2297 |     39 |    833 |    996 |   5 |  467.2 |
       Dungeon |   2336 |   2297 |     39 |    833 |    996 |   5 |  467.2 |
               +--------+--------+--------+--------+--------+-----+--------+

Top non-repeatable levels by time:
     D:1: 1330 daAuts
     D:2: 687 daAuts
     D:3: 203 daAuts
     D:4: 65 daAuts
     D:5: 47 daAuts
